 Dungeon Crawl Stone Soup version 0.23-a0-8-gb809bb7 (webtiles) character file.

178 Kuinu the Skirmisher (level 5, 0/70 HPs)
             Began as a Draconian Berserker on Aug 1, 2018.
             Was a Believer of Trog.
             Slain by Natasha (4 damage)
             ... on level 3 of the Dungeon.
             The game lasted 00:03:48 (2895 turns).

Kuinu the Skirmisher (Draconian Berserker)          Turns: 2895, Time: 00:03:48

Health: 0/70       AC:  7    Str: 24    XL:     5   Next: 32%
Magic:  5/5        EV: 12    Int:  7    God:    Trog [**....]
Gold:   143        SH:  0    Dex: 12    Spells: 4/4 levels left

rFire    . . .     SeeInvis .   a - +0 falchion
rCold    . . .     Gourm    .   (no shield)
rNeg     . . .     Faith    .   (armour unavailable)
rPois    .         Spirit   .   (helmet restricted)
rElec    .         Reflect  .   m - +0 cloak
rCorr    .         Harm     .   h - +0 pair of gloves
MR       .....                  (no boots)
Stlth    ..........             (no amulet)
HPRegen  0.21/turn              (no ring)
MPRegen  0.09/turn              (no ring)

@: berserking, heavily drained, very quick
A: unfitting armour, cold-blooded, AC +5
a: Berserk, Trog's Hand, Renounce Religion


You were on level 3 of the Dungeon.
You worshipped Trog.
Trog was pleased with you.
You were hungry.

You visited 1 branch of the dungeon, and saw 3 of its levels.

You collected 143 gold pieces.

Inventory:

Hand Weapons
 a - a +0 falchion (weapon)
Armour
 h - a +0 pair of gloves (worn)
 m - a +0 cloak (worn)
Wands
 p - a wand of digging (14)
Scrolls
 c - a scroll of random uselessness {unknown}
 d - a scroll of noise {unknown}
 e - a scroll of enchant armour {unknown}
 f - 3 scrolls of identify {unknown}
 i - a scroll of magic mapping {unknown}
 k - a scroll of fear {unknown}
 o - a scroll of teleportation {unknown}
 r - a scroll of fog {unknown}
Potions
 g - 2 potions of agility {unknown}
 j - 2 potions of brilliance {unknown}
 n - a potion of might {unknown}
 q - a potion of curing {unknown}
Comestibles
 b - 7 rations
 l - 7 chunks of flesh


   Skills:
 * Level 4.9(3.6) Fighting
 * Level 4.5(3.3) Long Blades
 + Level 3.4(2.2) Dodging


You had 4 spell levels left.
You didn't know any spells.
Your spell library was empty.

Dungeon Overview and Level Annotations

Branches:
Dungeon (3/15)

Altars:
Fedhas
Nemelex Xobeh
The Shining One

Annotations:
D:3 Natasha


Innate Abilities, Weirdness & Mutations

Your plain brown scales are hard. (AC +5)
You cannot fit into any form of body armour.
You are cold-blooded and may be slowed by cold attacks.


Message History

Natasha is severely wounded.
The shadow imp barely misses you. Natasha claws you.
You hit Natasha.
Your tail-slap misses Natasha.
Natasha is almost dead.
The shadow imp hits you.
Natasha mumbles some strange words.
The shadow imp barely misses you.
You closely miss Natasha.
Natasha is almost dead.
Natasha claws you. The shadow imp gestures at you.
Pain shoots through your body!
* * * LOW HITPOINT WARNING * * *
Natasha claws you.
* * * LOW HITPOINT WARNING * * *
A red film seems to cover your vision as you go berserk!
You feel yourself moving faster!
You feel mighty!
You are feeling hungry.
The shadow imp misses you. Natasha claws you.
You die...

.......##.#.#...............###..
........#.#...........###.#......
......#...<.#.........###.#####..
#.....##.........................
.............###..........#####..
.###..............#.#.##....# #..
###...#.##.#.....5..#.......# #..
....(...##.######h....#.....#####
#...#<####.##...@5...............
...#.## #####'''########.........
...#.# #####...########.........
..÷..# #§###...#§§...##.........
.....# §§§##.⌠.#§§§§§##...#.....
.....# §§§§#...#§§.§§##...#.....
...### .§§##...#§§§§§##...#.....
...# #§###...#§§§§§##...#.....
...# #####...############.....


You could see Natasha, a crimson imp and a shadow imp.

Vanquished Creatures
  Terence (D:2)
  Natasha (D:3)
  Crazy Yiuf (D:2)
  2 adders
  3 oozes
  2 worms (D:3)
  A dart slug (D:1)
  A leopard gecko (D:3)
  2 orcs (D:3)
  2 bats
  2 giant cockroaches
  6 goblins
  11 hobgoblins
  7 jackals (D:3)
  A quokka (D:2)
  A ball python (D:1)
  2 frilled lizards
  5 kobolds
  7 rats
58 creatures vanquished.

Notes
Turn   | Place    | Note
-------+----------+-------------------------------------------
     0 | D:1      | Kuinu the Draconian Berserker began the quest for the Orb.
     0 | D:1      | Reached XP level 1. HP: 19/19 MP: 1/1
   126 | D:1      | Reached XP level 2. HP: 26/26 MP: 2/2
   617 | D:1      | Reached XP level 3. HP: 29/33 MP: 3/3
  1147 | D:2      | Found a runed door.
  1249 | D:2      | Found a glowing golden altar of the Shining One.
  1250 | D:2      | Found a blossoming altar of Fedhas.
  1270 | D:2      | Noticed Terence
  1276 | D:2      | Killed Terence
  1305 | D:2      | Reached XP level 4. HP: 39/40 MP: 4/4
  1906 | D:2      | Noticed Crazy Yiuf
  1911 | D:2      | Killed Crazy Yiuf
  2510 | D:3      | Reached ** piety under Trog
  2525 | D:3      | Reached XP level 5. HP: 41/47 MP: 5/5
  2639 | D:3      | Found a faded altar of an unknown god.
  2761 | D:3      | Noticed Natasha
  2763 | D:3      | Found a sparkling altar of Nemelex Xobeh.
  2777 | D:3      | Killed Natasha
  2882 | D:3      | Noticed Natasha
  2895 | D:3      | Slain by Natasha

Vault maps used:
D:1:      dpeg_arrival_court
D:2:      grunt_temple_overflow_open, serial_bayou_pond_a, uniq_terence,
          uniq_crazy_yiuf_cottage
D:3:      nicolae_overflow_hidden_temple, nemelex_altar_shiori,
          chequers_ecumenical_altar_twisty, uniq_natasha

Skill      XL: |  1  2  3  4 |
---------------+-------------+-----
Dodging        | 3 |  3.4
Fighting       | 4 |  4.9
Long Blades    | 4 |  4.5

Action                   |  1- 3 |  4- 6 || total
-------------------------+-------+-------++-------
Melee: Falchion          |    72 |   105 ||   177
       Tailslap          |    10 |    13 ||    23
Invok: Berserk           |     1 |     2 ||     3
  Eat: Chunk             |     2 |     6 ||     8
Armor: Skin              |    13 |    41 ||    54
Dodge: Dodged            |    55 |    70 ||   125
       Rpst.: Falchion   |    12 |    16 ||    28

Table legend:
 A = Spawn XP
 B = Non-spawn XP
 C = Spawn XP percentage of total XP
 D = Spawn monster count
 E = Non-spawn monster count
 F = Spawn count percentage of total count
 G = Total turns spent on level
                    A         B        C        D         E        F      G
               +---------+---------+-------+---------+---------+-------+---------
         Total |       0 |     255 |   0.0 |       0 |      58 |   0.0 |  2895
               +---------+---------+-------+---------+---------+-------+---------
           D:1 |       0 |      46 |   0.0 |       0 |      24 |   0.0 |  1086
           D:2 |       0 |      97 |   0.0 |       0 |       8 |   0.0 |   992
           D:3 |       0 |     112 |   0.0 |       0 |      26 |   0.0 |   817
               +---------+---------+-------+---------+---------+-------+---------
